 Dungeon Sprint DCSS version 0.26.1-11-gd32895ea62 (webtiles) character file.

Game seed: 16305451322303612718

625 Zeld the Basher (level 7, 14/68 HPs)
             Began as a Purple Draconian Gladiator on June 16, 2021.
             Was an Initiate of Qazlal.
             Quit the game in the Dungeon (Sprint I: "Red Sonja").
             The game lasted 00:02:03 (1967 turns).

Zeld the Basher (Purple Draconian Gladiator)        Turns: 1967, Time: 00:02:04

Health: 14/68      AC:  6    Str: 18    XL:     7   Next: 23%
Magic:  7/7        EV: 16    Int:  8    God:    Qazlal [......]
Gold:   121        SH:  0    Dex: 13    Spells: 6/6 levels left

rFire    . . .     SeeInvis .   a - +0 flail
rCold    . . .     Faith    .   (no shield)
rNeg     . . .     Spirit   .   (armour unavailable)
rPois    .         Reflect  .   b - +0 hat
rElec    .         Harm     .   (no cloak)
rCorr    .         Rampage  .   (no gloves)
Will     +....     NoTele   +   (no boots)
Stlth    +.........             (no amulet)
HPRegen  0.21/turn              (no ring)
MPRegen  0.10/turn              (no ring)

@: lethally poisoned (14 -> -39), slowed, very slow
A: breathe power, unfitting armour, cold-blooded, AC +6
a: Breathe Dispelling Energy, Renounce Religion


You were in the Dungeon.
You worshipped Qazlal.
Qazlal was noncommittal.
You visited 1 branch You collected 405 gold pieces.
You spent 284 gold pieces at shops.

Inventory:

Hand Weapons
 a - a +0 flail (weapon)
Armour
 b - a +0 hat (worn)
Wands
 c - a wand of flame (28)
Scrolls
 h - a scroll of fear
 i - 3 scrolls of blinking
 j - a scroll of identify {unknown}
 k - a scroll of amnesia {unknown}
 l - a scroll of enchant armour
Potions
 f - a potion of haste
 g - 2 potions of magic


   Skills:
 + Level 8.1 Fighting
 * Level 10.7 Maces & Flails
 - Level 6.0 Throwing
 + Level 7.1 Dodging


You had 6 spell levels left.
You didn't know any spells.
Your spell library was empty.

Dungeon Overview and Level Annotations

Branches:
Dungeon (1/1)

Altars:
Cheibriados
Dithmenos
Elyvilon
Fedhas
Gozag
Hepliaklqana
Kikubaaqudgha
Makhleb
Nemelex Xobeh
Okawaru
Qazlal
Ru
Sif Muna
Trog
Uskayaw
Vehumet
Wu Jian
Xom
Yredelemnul
Zin
The Shining One
Jiyva
Lugonu

Shops:
D ?

Annotations:
D Sonja


Innate Abilities, Weirdness & Mutations

You can breathe bolts of dispelling energy.
Your rich purple scales are hard. (AC +6)
You cannot fit into any form of body armour.
You are cold-blooded and may be slowed by cold attacks.


Message History

Sonja hits you with a +1 dagger of venom.
You are more poisoned.
Sonja barely misses you. Sonja hits you but does no damage.
You are more poisoned.
Sonja closely misses you. Sonja misses you. Sonja closely misses you.
You miss Sonja.
Your tail-slap misses Sonja.
Sonja is heavily wounded.
* * * LOW HITPOINT WARNING * * *
You feel very sick.
Sonja hits you with a +1 dagger of venom.
* * * LOW HITPOINT WARNING * * *
You are more poisoned.
Sonja hits you but does no damage.
You are more poisoned.
Sonja barely misses you. Sonja closely misses you.
Sonja hits you with a +1 dagger of venom.
* * * LOW HITPOINT WARNING * * *
You are more poisoned.
Sonja closely misses you.
Are you sure you want to abandon this character and quit the game? (Confirm with "yes".)

######################
#<.#..').#.)'..#__#..+
#..[..#..'..#..'..'..#
#..#####'#####'#__####
#..####..#(K.#.####
#..#__####(@##K#
#..#_____##'#_.+
#⌠⌠#_.∩...'((._#
####_..__##_(#'#
#_____###'#(# #######
#.### $.$ #$.$# ##.##


You could see Sonja.

Vanquished Creatures
  A slime creature (D)
  Sigmund (D)
  A yak (D)
  An ogre (D)
  A jelly (D)
  Ijyb (D)
6 creatures vanquished.

Vanquished Creatures (others)
  A gargoyle (D)
1 creature vanquished.

Grand Total: 7 creatures vanquished

Notes
Turn   | Place    | Note
-------+----------+-------------------------------------------
     0 | D        | Zeld the Draconian Gladiator began the quest for the Orb.
     0 | D        | Reached XP level 1. HP: 17/17 MP: 1/1
     2 | D        | Noticed Ijyb
    14 | D        | Killed Ijyb
    15 | D        | Reached skill level 4 in Maces & Flails
    15 | D        | Reached XP level 2. HP: 26/26 MP: 2/2
   224 | D        | Noticed an ogre
   231 | D        | Killed an ogre
   232 | D        | Reached skill level 6 in Maces & Flails
   232 | D        | Reached skill level 5 in Throwing
   232 | D        | Reached XP level 3. HP: 34/34 MP: 3/3
   232 | D        | Reached XP level 4. HP: 41/41 MP: 4/4
   506 | D        | Noticed Sigmund
   516 | D        | Killed Sigmund
   517 | D        | Reached skill level 8 in Maces & Flails
   517 | D        | Reached skill level 5 in Dodging
   517 | D        | Reached XP level 5. HP: 50/50 MP: 5/5
   934 | D        | Found an ornate altar of the Wu Jian Council.
   934 | D        | Found a shimmering blue altar of Sif Muna.
   936 | D        | Found a radiant altar of Vehumet.
   944 | D        | Reached XP level 6. HP: 47/57 MP: 6/6
   967 | D        | Killed a gargoyle
  1105 | D        | Found Qiutill's Magic Scroll Emporium.
  1105 | D        | Found an ancient bone altar of Kikubaaqudgha.
  1105 | D        | Found a hazy altar of Hepliaklqana.
  1105 | D        | Found a hide-covered altar of Uskayaw.
  1105 | D        | Found a basalt altar of Yredelemnul.
  1105 | D        | Found an opulent altar of Gozag.
  1105 | D        | Found a snail-covered altar of Cheibriados.
  1105 | D        | Found a sacrificial altar of Ru.
  1105 | D        | Found a shadowy altar of Dithmenos.
  1105 | D        | Noticed a yak
  1107 | D        | Found a stormy altar of Qazlal.
  1107 | D        | Found a blossoming altar of Fedhas.
  1107 | D        | Found a bloodstained altar of Trog.
  1107 | D        | Found an iron altar of Okawaru.
  1107 | D        | Found a glowing golden altar of the Shining One.
  1107 | D        | Found a glowing silver altar of Zin.
  1107 | D        | Found a white marble altar of Elyvilon.
  1112 | D        | Killed a yak
  1113 | D        | Reached skill level 9 in Maces & Flails
  1113 | D        | Found a sparkling altar of Nemelex Xobeh.
  1247 | D        | Became a worshipper of Qazlal Stormbringer
  1250 | D        | Bought a scroll of fear for 38 gold pieces
  1250 | D        | Bought a scroll of blinking for 82 gold pieces
  1250 | D        | Bought a scroll of blinking for 82 gold pieces
  1250 | D        | Bought a scroll of enchant armour for 82 gold pieces
  1436 | D        | Found a burning altar of Makhleb.
  1436 | D        | Found a viscous altar of Jiyva.
  1436 | D        | Found a shimmering altar of Xom.
  1436 | D        | Found a corrupted altar of Lugonu.
  1436 | D        | Noticed a slime creature
  1449 | D        | Killed a slime creature
  1450 | D        | Reached skill level 10 in Maces & Flails
  1450 | D        | Your scales start taking on a rich purple colour.
  1450 | D        | Reached XP level 7. HP: 42/68 MP: 7/7
  1945 | D        | Noticed Sonja
  1967 | D        | Quit the game

Illustrated notes

Levels and vault maps discovered:
D:        dungeon_sprint_1 [red_sonja_temple_1, red_sonja_temple_small_1]

Skill      XL: |  1  2  3  4  5  6 |
---------------+-------------------+-----
Fighting       | 3 4 6 8 |  8.1
Maces & Flails | 4 6 8 10 | 10.7
Throwing       | 3 5 6 |  6.0
Dodging        | 3 4 5 7 |  7.1

Action                   |  1- 3 |  4- 6 |  7- 9 || total
-------------------------+-------+-------+-------++-------
Melee: Flail             |    13 |    28 |     6 ||    47
       Tailslap          |     2 |     7 |       ||     9
Throw: Throwing net      |     4 |     2 |       ||     6
 Abil: Breathe Dispellin |       |       |     2 ||     2
Evoke: Wand              |       |     1 |       ||     1
  Use: Potion            |     1 |       |     2 ||     3
 Stab: Held in net/web   |     1 |     1 |       ||     2
Armor: Skin              |     1 |     1 |     4 ||     6
Dodge: Dodged            |     6 |     9 |    29 ||    44
